[ AOE2 MATCH · #505547961 ]
UnrankedMongols vs Malay
Player's team · LOSS
Rival team · WIN
[ REPLAY ANALYSIS · EXTRACTED FROM THE RECORDED GAME ]
Feudal
8:51
Castle
19:49
Imperial
—
| APM avg | 55.3 |
| APM peak | 117 |
| eAPM avg | 28.4 |
| Villagers / military | 73 / 36 |
Focus
⚔️ 35.1% · 🌾 64.9%
Cavalry Archer ×25 · Scout Cavalry ×9 · Spearman ×1 · Skirmisher ×1
Feudal
9:14
Castle
19:31
Imperial
—
| APM avg | 67.2 |
| APM peak | 95 |
| eAPM avg | 37.3 |
| Villagers / military | 94 / 168 |
Focus
⚔️ 32.1% · 🌾 67.9%
Karambit Warrior ×153 · Battering Ram ×8 · Spearman ×3 · Militia ×2 · Scorpion ×2
Match map
Initial resources + every placement click. Lines = walls · curves = elevation contours. ◆ gold · ⬟ stone · ● berries · ✦ relic · ◌ wall gap
Your base· Open — unwalled flank
[GDL] saushino's base· Open — unwalled flank
Smoothed initial terrain · ◌ = detected wall gap · hover for details
Inputs per minute
— HellionBlue - - [GDL] saushino
Build order — HellionBlue
First 150 of 179 actions detected
| 0:01 | Queue | Villager (Male) |
| 0:01 | Queue | Villager (Male) |
| 0:01 | Queue | Villager (Male) |
| 0:02 | Build | House |
| 0:04 | Build | House |
| 0:04 | Queue | Villager (Male) |
| 0:04 | Queue | Villager (Male) |
| 1:13 | Queue | Villager (Male) |
| 1:13 | Queue | Villager (Male) |
| 1:53 | Queue | Villager (Male) |
| 1:53 | Queue | Villager (Male) |
| 2:11 | Build | Lumber Camp |
| 2:16 | Queue | Villager (Male) |
| 2:17 | Queue | Villager (Male) |
| 2:36 | Build | House |
| 2:45 | Queue | Villager (Male) |
| 2:46 | Queue | Villager (Male) |
| 2:46 | Queue | Villager (Male) |
| 2:59 | Queue | Villager (Male) |
| 3:00 | Queue | Villager (Male) |
| 3:09 | Build | Palisade Wall |
| 3:32 | Queue | Villager (Male) |
| 3:32 | Queue | Villager (Male) |
| 3:55 | Queue | Villager (Male) |
| 3:55 | Queue | Villager (Male) |
| 4:14 | Queue | Villager (Male) |
| 4:14 | Queue | Villager (Male) |
| 5:01 | Queue | Villager (Male) |
| 5:01 | Queue | Villager (Male) |
| 5:09 | Build | Mill |
| 5:37 | Queue | Villager (Male) |
| 5:37 | Queue | Villager (Male) |
| 5:45 | Queue | Villager (Male) |
| 5:45 | Queue | Villager (Male) |
| 5:45 | Queue | Villager (Male) |
| 5:47 | Queue | Villager (Male) |
| 5:48 | Queue | Villager (Male) |
| 6:09 | Queue | Villager (Male) |
| 6:39 | Research | Feudal Age |
| 6:51 | Queue | Villager (Male) |
| 6:55 | Research | Loom |
| 7:28 | Build | House |
| 7:49 | Build | Barracks |
| 7:52 | Queue | Villager (Male) |
| 8:51 | Age | Feudal Age |
| 8:54 | Build | Stable |
| 9:08 | Research | Double-Bit Axe |
| 9:09 | Research | Double-Bit Axe |
| 9:17 | Queue | Spearman |
| 9:24 | Queue | Villager (Male) |
| 9:28 | Build | House |
| 9:32 | Build | Palisade Gate |
| 9:33 | Build | Palisade Wall |
| 9:41 | Build | Palisade Gate |
| 9:45 | Queue | Villager (Male) |
| 9:52 | Queue | Scout Cavalry |
| 9:52 | Queue | Scout Cavalry |
| 9:59 | Queue | Scout Cavalry |
| 10:08 | Build | Farm |
| 10:08 | Build | Farm |
| 10:09 | Build | Farm |
| 10:09 | Build | Farm |
| 10:09 | Build | Farm |
| 10:22 | Queue | Villager (Male) |
| 10:40 | Build | Farm |
| 10:52 | Queue | Villager (Male) |
| 11:12 | Build | House |
| 11:18 | Build | Farm |
| 11:18 | Build | Farm |
| 11:19 | Build | Farm |
| 11:23 | Queue | Villager (Male) |
| 11:32 | Build | Farm |
| 11:34 | Queue | Villager (Male) |
| 11:36 | Build | Farm |
| 11:53 | Queue | Villager (Male) |
| 12:07 | Build | Farm |
| 12:12 | Build | Lumber Camp |
| 12:14 | Queue | Villager (Male) |
| 12:24 | Queue | Villager (Male) |
| 12:27 | Build | Farm |
| 12:48 | Queue | Villager (Male) |
| 12:52 | Build | House |
| 13:06 | Queue | Villager (Male) |
| 13:08 | Build | Farm |
| 13:08 | Build | Farm |
| 13:27 | Queue | Villager (Male) |
| 13:37 | Build | Mining Camp |
| 13:44 | Build | Mining Camp |
| 13:45 | Queue | Villager (Male) |
| 13:49 | Build | House |
| 13:52 | Build | Palisade Wall |
| 14:00 | Build | House |
| 14:02 | Queue | Villager (Male) |
| 14:09 | Build | House |
| 14:24 | Build | Farm |
| 14:40 | Build | Archery Range |
| 15:05 | Queue | Villager (Male) |
| 15:23 | Queue | Villager (Male) |
| 15:58 | Queue | Scout Cavalry |
| 16:40 | Build | Market |
| 16:44 | Queue | Villager (Male) |
| 17:00 | Research | Castle Age |
| 17:00 | Research | Castle Age |
| 17:00 | Research | Castle Age |
| 17:13 | Build | Blacksmith |
| 17:20 | Research | Horse Collar |
| 17:21 | Research | Horse Collar |
| 17:39 | Queue | Scout Cavalry |
| 17:53 | Queue | Villager (Male) |
| 18:09 | Queue | Scout Cavalry |
| 18:20 | Build | Lumber Camp |
| 18:39 | Build | House |
| 18:41 | Research | Forging |
| 18:48 | Research | Bloodlines |
| 19:02 | Queue | Scout Cavalry |
| 19:10 | Build | House |
| 19:16 | Research | Fletching |
| 19:39 | Build | Archery Range |
| 19:43 | Build | Archery Range |
| 19:49 | Age | Castle Age |
| 19:54 | Build | Farm |
| 19:55 | Build | Farm |
| 19:57 | Queue | Cavalry Archer |
| 19:58 | Queue | Cavalry Archer |
| 20:02 | Research | Gold Mining |
| 20:14 | Queue | Villager (Male) |
| 20:27 | Build | Palisade Wall |
| 20:32 | Research | Light Cavalry (upgrade) |
| 20:39 | Queue | Cavalry Archer |
| 20:39 | Queue | Cavalry Archer |
| 20:56 | Queue | Skirmisher |
| 21:17 | Queue | Cavalry Archer |
| 21:17 | Queue | Cavalry Archer |
| 21:26 | Queue | Villager (Male) |
| 21:26 | Queue | Villager (Male) |
| 21:33 | Queue | Villager (Male) |
| 21:46 | Queue | Cavalry Archer |
| 21:46 | Queue | Cavalry Archer |
| 22:05 | Research | Bow Saw |
| 22:05 | Research | Bow Saw |
| 22:12 | Queue | Cavalry Archer |
| 22:12 | Queue | Cavalry Archer |
| 22:43 | Research | Forging |
| 23:12 | Queue | Cavalry Archer |
| 23:18 | Queue | Scout Cavalry |
| 24:11 | Research | Bodkin Arrow |
| 24:11 | Research | Bodkin Arrow |
| 24:20 | Build | University |
| 24:40 | Build | Town Center |
| 25:08 | Build | House |
Build order — [GDL] saushino
First 150 of 349 actions detected
| 0:01 | Queue | Villager (Male) |
| 0:01 | Queue | Villager (Male) |
| 0:01 | Queue | Villager (Male) |
| 0:02 | Queue | Villager (Male) |
| 0:03 | Build | House |
| 0:05 | Build | House |
| 1:24 | Queue | Villager (Male) |
| 1:24 | Queue | Villager (Male) |
| 1:45 | Build | Lumber Camp |
| 2:03 | Queue | Villager (Male) |
| 2:03 | Queue | Villager (Male) |
| 2:03 | Queue | Villager (Male) |
| 2:22 | Queue | Villager (Male) |
| 2:22 | Queue | Villager (Male) |
| 2:51 | Queue | Villager (Male) |
| 2:51 | Queue | Villager (Male) |
| 3:11 | Queue | Villager (Male) |
| 3:11 | Queue | Villager (Male) |
| 3:36 | Build | House |
| 3:43 | Queue | Villager (Male) |
| 3:44 | Queue | Villager (Male) |
| 3:44 | Queue | Villager (Male) |
| 3:56 | Queue | Villager (Male) |
| 3:56 | Queue | Villager (Male) |
| 4:19 | Build | Mill |
| 4:25 | Queue | Villager (Male) |
| 4:25 | Queue | Villager (Male) |
| 4:33 | Queue | Villager (Male) |
| 4:34 | Queue | Villager (Male) |
| 4:57 | Queue | Villager (Male) |
| 4:57 | Queue | Villager (Male) |
| 4:58 | Queue | Villager (Male) |
| 5:47 | Build | Palisade Wall |
| 5:55 | Build | House |
| 6:08 | Queue | Villager (Male) |
| 6:24 | Queue | Villager (Male) |
| 6:24 | Queue | Villager (Male) |
| 6:25 | Queue | Villager (Male) |
| 7:04 | Queue | Villager (Male) |
| 7:16 | Build | Barracks |
| 7:30 | Research | Loom |
| 7:45 | Research | Feudal Age |
| 7:51 | Build | House |
| 8:26 | Build | Palisade Wall |
| 9:14 | Age | Feudal Age |
| 9:17 | Queue | Villager (Male) |
| 9:17 | Queue | Villager (Male) |
| 9:20 | Queue | Spearman |
| 9:20 | Queue | Spearman |
| 9:24 | Research | Double-Bit Axe |
| 9:24 | Research | Horse Collar |
| 9:46 | Build | Farm |
| 9:48 | Build | House |
| 9:52 | Queue | Spearman |
| 10:03 | Queue | Villager (Male) |
| 10:03 | Queue | Villager (Male) |
| 10:08 | Build | Farm |
| 10:16 | Queue | Villager (Male) |
| 10:20 | Build | Farm |
| 10:37 | Build | Farm |
| 10:51 | Build | Farm |
| 10:57 | Queue | Villager (Male) |
| 10:57 | Queue | Villager (Male) |
| 10:57 | Queue | Villager (Male) |
| 11:05 | Build | Farm |
| 11:10 | Queue | Villager (Male) |
| 11:10 | Queue | Villager (Male) |
| 11:34 | Build | Farm |
| 11:45 | Queue | Villager (Male) |
| 11:49 | Build | Farm |
| 12:02 | Queue | Villager (Male) |
| 12:05 | Build | Farm |
| 12:10 | Build | House |
| 12:22 | Build | Farm |
| 12:43 | Queue | Villager (Male) |
| 12:45 | Build | Farm |
| 13:05 | Queue | Villager (Male) |
| 13:17 | Build | Mining Camp |
| 13:20 | Queue | Villager (Male) |
| 13:27 | Build | Mining Camp |
| 13:35 | Queue | Villager (Male) |
| 13:42 | Build | Palisade Wall |
| 14:17 | Build | Farm |
| 14:30 | Build | Market |
| 14:38 | Queue | Villager (Male) |
| 14:48 | Build | House |
| 15:23 | Build | Farm |
| 15:43 | Queue | Villager (Male) |
| 15:43 | Queue | Villager (Male) |
| 16:13 | Build | House |
| 16:24 | Queue | Villager (Male) |
| 16:38 | Research | Town Watch |
| 16:48 | Build | Blacksmith |
| 17:32 | Build | Palisade Gate |
| 17:34 | Build | House |
| 17:38 | Build | Palisade Gate |
| 17:42 | Build | House |
| 17:55 | Research | Castle Age |
| 18:16 | Build | Palisade Wall |
| 18:22 | Build | Palisade Wall |
| 18:53 | Research | Forging |
| 18:55 | Research | Arson |
| 19:31 | Age | Castle Age |
| 19:47 | Build | Castle |
| 19:49 | Queue | Villager (Male) |
| 19:49 | Queue | Villager (Male) |
| 19:56 | Queue | Villager (Male) |
| 19:57 | Queue | Villager (Male) |
| 20:02 | Research | Bow Saw |
| 20:04 | Build | Lumber Camp |
| 20:43 | Build | Siege Workshop |
| 20:47 | Queue | Karambit Warrior |
| 20:47 | Queue | Karambit Warrior |
| 20:47 | Queue | Karambit Warrior |
| 20:48 | Queue | Karambit Warrior |
| 20:48 | Queue | Karambit Warrior |
| 20:57 | Queue | Villager (Male) |
| 20:57 | Queue | Villager (Male) |
| 21:03 | Build | House |
| 21:13 | Queue | Karambit Warrior |
| 21:13 | Queue | Karambit Warrior |
| 21:13 | Queue | Karambit Warrior |
| 21:13 | Queue | Karambit Warrior |
| 21:28 | Queue | Battering Ram |
| 21:28 | Queue | Battering Ram |
| 21:28 | Queue | Battering Ram |
| 21:36 | Queue | Villager (Male) |
| 21:36 | Queue | Villager (Male) |
| 21:37 | Queue | Villager (Male) |
| 21:39 | Build | Farm |
| 21:40 | Build | Farm |
| 21:41 | Build | Farm |
| 21:56 | Queue | Karambit Warrior |
| 21:56 | Queue | Karambit Warrior |
| 21:56 | Queue | Karambit Warrior |
| 21:56 | Queue | Karambit Warrior |
| 21:57 | Queue | Karambit Warrior |
| 22:13 | Queue | Scorpion |
| 22:16 | Queue | Villager (Male) |
| 22:16 | Queue | Villager (Male) |
| 22:16 | Queue | Villager (Male) |
| 22:27 | Queue | Karambit Warrior |
| 22:27 | Queue | Karambit Warrior |
| 22:27 | Queue | Karambit Warrior |
| 22:30 | Queue | Scorpion |
| 22:33 | Queue | Villager (Male) |
| 22:56 | Queue | Karambit Warrior |
| 22:56 | Queue | Karambit Warrior |
| 22:56 | Queue | Karambit Warrior |
| 22:56 | Queue | Karambit Warrior |
Match timeline
| 3:09 | HellionBlue · wall_segment Palisade Wall x1 |
| 5:47 | [GDL] saushino · wall_segment Palisade Wall x7 |
| 7:16 | [GDL] saushino · first_building Barracks |
| 7:49 | HellionBlue · first_building Barracks |
| 8:26 | [GDL] saushino · wall_segment Palisade Wall x5 |
| 8:51 | HellionBlue · age_up feudal |
| 8:54 | HellionBlue · first_building Stable |
| 9:14 | [GDL] saushino · age_up feudal |
| 9:33 | HellionBlue · wall_segment Palisade Wall x1 |
| 13:42 | [GDL] saushino · wall_segment Palisade Wall x12 |
| 13:52 | HellionBlue · wall_segment Palisade Wall x8 |
| 14:40 | HellionBlue · first_building Archery Range |
| 17:13 | [GDL] saushino · first_market_buy 100 food |
| 18:16 | [GDL] saushino · wall_segment Palisade Wall x8 |
| 18:22 | [GDL] saushino · wall_segment Palisade Wall x10 |
| 18:32 | [GDL] saushino · first_market_sell 100 wood |
| 19:31 | [GDL] saushino · age_up castle |
| 19:47 | [GDL] saushino · first_building Castle |
| 19:49 | HellionBlue · age_up castle |
| 20:27 | HellionBlue · wall_segment Palisade Wall x11 |
| 20:43 | [GDL] saushino · first_building Siege Workshop |
| 31:40 | HellionBlue · first_building Castle |
| 33:30 | HellionBlue · resign |
[ AI ANALYSIS · 1 CREDIT ]
What really happened in this match?
Wolo.gg analyzes every decision: build order, eco, micro, common mistakes by bracket. Personalized analysis on WhatsApp or Discord in 30 seconds.
Civ guide
Mongols
Perfil
Jugador #2698259